 Dungeon Crawl Stone Soup version 0.22.1-1-ga44c0e5 (webtiles) character file.

11064 Goblin1989 the Grappler (level 11, -5/111 HPs)
             Began as a Troll Arcane Marksman on Oct 22, 2018.
             Was a High Priest of Cheibriados.
             Slain by an enormous slime creature (63 damage)
             ... on level 12 of the Dungeon on Oct 25, 2018.
             The game lasted 00:38:59 (11675 turns).

Goblin1989 the Grappler (Troll Arcane Marksman)    Turns: 11675, Time: 00:39:00

Health: -5/111     AC:  7    Str: 34    XL:     11   Next: 44%
Magic:  1/14       EV: 14    Int: 24    God:    Cheibriados [*****.]
Gold:   1515       SH: 12    Dex: 26    Spells: 12/16 levels left

rFire    . . .     SeeInvis .     - Unarmed
rCold    . . .     Gourm    +   o - +0 shield
rNeg     . . .     Faith    .   a - +1 robe
rPois    .         Spirit   .   (helmet restricted)
rElec    .         Reflect  .   y - +0 cloak
rCorr    +         Harm     .   (gloves unavailable)
MR       .....                  (boots unavailable)
Stlth    ++........             N - amulet of the acrobat
HPRegen  0.68/turn              (no ring)
MPRegen  0.14/turn              g - ring of resist corrosion

@: very slow
A: large, unfitting armour, claws 3, fast metabolism 3, gourmand, regeneration
1, shaggy fur 1, tough skin 2
a: Bend Time, Temporal Distortion, Slouch, Step From Time, Renounce Religion


You were on level 12 of the Dungeon.
You worshipped Cheibriados.
Cheibriados was extremely pleased with you.
You were very full.

You visited 1 branch of the dungeon, and saw 12 of its levels.
You also visited: Ossuary and Bailey.

You collected 1515 gold pieces.

Inventory:

Hand Weapons
 r - a +2 scimitar of flaming
 w - a +0 blowgun {@w1}
Missiles
 c - 4 large rocks {!d, @Q4}
 x - 40 tomahawks of returning
 Z - 2 throwing nets (quivered) {!d , @Q1}
Armour
 a - a +1 robe (worn)
 o - a +0 shield (worn)
 y - a +0 cloak (worn)
Jewellery
 g - a ring of resist corrosion (right claw)
 k - an uncursed ring of ice
 K - an uncursed ring of magical power
 N - an amulet of the acrobat (around neck)
 Y - an uncursed ring of ice
Wands
 l - a wand of disintegration (9)
 p - a wand of iceblast (9) {@v4}
 q - a wand of enslavement (13)
 z - a wand of paralysis (17) {@v7}
 J - a wand of flame (4) {@v6}
Scrolls
 h - 3 scrolls of fog
 n - a scroll of blinking {unknown}
 s - a scroll of enchant weapon {unknown}
 t - 4 scrolls of random uselessness {unknown}
 u - a scroll of summoning
 v - a scroll of holy word
 A - 2 scrolls of fear {unknown}
 B - a scroll of acquirement {unknown}
 D - 3 scrolls of noise {unknown}
 E - 2 scrolls of immolation
 I - 3 scrolls of remove curse {@r3}
 M - a scroll of magic mapping
 R - a scroll of identify {@r1}
 T - 6 scrolls of teleportation {!r, @r2}
 U - 6 scrolls of enchant armour
Potions
 m - a potion of ambrosia
 C - 3 potions of curing {@q1}
 F - 4 potions of flight
 G - 3 potions of magic
 H - 2 potions of cancellation
 L - 4 potions of might {@q4}
 O - 3 potions of invisibility
 P - 2 potions of brilliance
 S - 3 potions of mutation {!q}
 V - a potion of resistance {@q6}
 W - 2 potions of heal wounds {@q2}
 X - 5 potions of lignification
Miscellaneous
 i - a phial of floods
Comestibles
 e - 30 rations
 Q - a chunk of flesh


   Skills:
 - Level 8.0 Fighting
 - Level 1.7 Throwing
 + Level 7.0 Dodging
 + Level 3.7 Shields
 - Level 8.0 Unarmed Combat
 - Level 3.0 Spellcasting
 - Level 2.0 Hexes
 - Level 3.0 Charms
 - Level 3.2 Necromancy
 - Level 5.0 Invocations


You had 12 spell levels left.
You knew the following spells:

 Your Spells              Type           Power        Failure   Level  Hunger
a - Corona                Hex            ##.....      14%         1    None
R - Regeneration          Chrm/Necr      ###.......   28%         3    ###....

Your spell library contained the following spells:

 Spells                   Type           Power        Failure   Level  Hunger
 Animate Skeleton         Necr           N/A          9%          1    None
 Pain                     Necr           ###.         9%          1    None
 Slow                     Hex            ##......     22%         2    ##.....
 Vampiric Draining        Necr           ###.......   26%         3    ###....
 Inner Flame              Hex/Fire       #.......     54%         3    ###....
 Portal Projectile        Hex/Tloc       #.....       54%         3    ###....
 Animate Dead             Necr           N/A          65%         4    ####...
 Cause Fear               Hex            ##........   82%         4    ####...
 Leda's Liquefaction      Hex/Erth       #.........   91%         4    ####...
 Silence                  Hex/Air        #.........   99%         5    ######.
 Yara's Violent Unravell  Hex/Tmut       #.........   99%         5    ######.
 Deflect Missiles         Chrm/Air       ##........   100%        6    #######
 Discord                  Hex            ##........   100%        8    #######


Dungeon Overview and Level Annotations

Branches:
Dungeon (12/15)            Temple (0/1) D:6            Lair (0/6) D:8
    Orc (0/2) D:10

Altars:
Cheibriados
Dithmenos
Fedhas
Hepliaklqana
Qazlal
Sif Muna
Uskayaw
The Shining One

Shops:
D:9 (   D:10 (

Annotations:
D:4 2 transporters, Curus's ghost, amateur MiAK


Innate Abilities, Weirdness & Mutations

You are too large for most types of armour.
You have claws for hands.
Your metabolism is lightning-fast.
You like to eat raw meat.
Your natural rate of healing is unusually fast.
You are covered in fur. (AC +1)
You have very tough skin. (AC +2)


Message History

No target in view!
No target in view!
No target in view!
No target in view!
No target in view!
No target in view!
No target in view!
Found an escape hatch in the ceiling.
Things that are here:
a club; an orc corpse You butcher the orc corpse.
Q - 2 chunks of flesh
Things that are here:
a club; an orc skeleton
Things that are here:
a club; an orc skeleton Eating one of 2 chunks of flesh.
You eat one of the 2 chunks of flesh.
This raw flesh tastes great.
A slime creature comes into view.
Unknown command.
A slime creature comes into view. 2 slime creatures come into view.
A slime creature comes into view.
A slime creature comes into view.
The slime creature quivers. x2
You scratch the slime creature.
The slime creature is lightly wounded.
You block the slime creature's attack.
You scratch the slime creature.
The slime creature is lightly wounded.
You scratch the slime creature.
The slime creature is lightly wounded.
The slime creature quivers. x2
The slime creature hits you but does no damage.
You block the slime creature's attack.
You scratch the slime creature.
The slime creature is lightly wounded.
You block the slime creature's attack. The slime creature hits you!
You take 14 damage, and have 97/111 hp.
You scratch the slime creature.
The slime creature is lightly wounded.
You block the slime creature's attack. The slime creature hits you.
You take 1 damage, and have 96/111 hp.
You scratch the slime creature.
The slime creature is lightly wounded.
The slime creature quivers. x2
The slime creature barely misses you. The slime creature closely misses you.
You claw the slime creature!
The slime creature is lightly wounded.
You block the slime creature's attack. The slime creature hits you! x2
You take 29 damage, and have 68/111 hp.
MASSIVE DAMAGE!!
You mangle the slime creature!!
The slime creature is heavily wounded.
The slime creature closely misses you.
Two slime creatures merge to form a large slime creature.
The slime creature hits you!
The slime creature hits you but does no damage.
You are too injured to fight recklessly!
You are too injured to fight recklessly!
You are too injured to fight recklessly!
You are too injured to fight recklessly!
You take 10 damage, and have 58/111 hp.
You are too injured to fight recklessly!
You are too injured to fight recklessly!
You are too injured to fight recklessly!
You are too injured to fight recklessly!
You are too injured to fight recklessly!
You are too injured to fight recklessly!
You are too injured to fight recklessly!
You are too injured to fight recklessly!
You are too injured to fight recklessly!
You are too injured to fight recklessly!
You are too injured to fight recklessly!
You are too injured to fight recklessly!
You are too injured to fight recklessly!
You are too injured to fight recklessly!
You are too injured to fight recklessly!
You are too injured to fight recklessly!
You can feel time thicken for a moment.
You feel somewhat less full. The slime creature hits you.
You block the slime creature's attack.
You take 4 damage, and have 54/111 hp.
You now have 9/14 mp.
Unknown command.
Unknown command.
Two slime creatures merge to form a very large slime creature.
Two slime creatures merge to form an enormous slime creature.
You can feel time thicken for a moment.
You feel somewhat less full.
Cheibriados lowers the support of your attributes as your movement quickens.
Two slime creatures merge to form a titanic slime creature.
You now have 4/14 mp.
Unknown command.
You warp the flow of time around you!
You feel somewhat less full.
You now have 0/14 mp.
You scratch the large slime creature.
The large slime creature is heavily wounded.
Two slime creatures merge to form an enormous slime creature.
You mangle the enormous slime creature!!
The enormous slime creature is heavily wounded.
The enormous slime creature hits you!!!
Ouch! That really hurt!
You die...

████.███).█.███
█...........█
█.██.███..███
█.██.█ █..█
█.██.█ █..█
█.██.█ █..█
█.██.█ █..█
█.██.█ █...
█@██.█ .██
█J██.█


█J█ █.....█ █..████ █..█ █..█ █..█ █... You could see an enormous slime creature
and a large slime creature.

Vanquished Creatures
  A hydra (D:11)
  Erica (D:9)
  2 two-headed ogres
  A centaur zombie (D:9)
  A troll (D:11)
  A yak (D:8)
  2 wyverns
  A human (D:8)
  3 hogs (D:8)
  A basilisk (D:8)
  A hungry ghost (D:9)
  Menkaure (D:4)
  12 orc warriors
  A swamp drake (D:8)
  2 sky beasts
  4 ogres
  4 ice beasts
  2 centaurs (D:7)
  A crocodile (D:8)
  A big kobold (D:11)
  Blork the orc (D:4)
  9 bullfrogs
  A gnoll sergeant (D:9)
  3 scorpions
  12 killer bees
  A water moccasin skeleton (D:9)
  8 wights (D:11)
  7 electric eels (D:10)
  6 crimson imps
  8 hounds
  8 orc wizards
  A quasit (D:9)
  2 bullfrog skeletons
  7 orc priests
  2 gnoll shamans
  3 jellies
  Ijyb (D:3)
  9 worker ants
  4 iguanas
  A killer bee zombie (D:9)
  A big kobold zombie (Ossuary)
  A hound zombie (D:9)
  Robin (D:4)
  9 mummies
  A worker ant zombie (D:7)
  19 gnolls
  10 adders
  A shadow imp (D:6)
  An ooze (D:6)
  3 adder skeletons
  2 worms (D:4)
  2 leopard geckos
  41 orcs
  4 bats
  13 giant cockroaches
  18 goblins
  5 hobgoblins
  12 jackals
  10 quokkas
  5 frilled lizards
  3 gnoll zombies (Ossuary)
  A goblin zombie (D:6)
  3 hobgoblin zombies
  A jackal skeleton (D:7)
  20 kobolds
  A kobold zombie (Ossuary)
  A leopard gecko zombie (D:5)
  An orc zombie (Ossuary)
  A quokka zombie (D:7)
  4 rats
332 creatures vanquished.

Notes
Turn   | Place    | Note
-------+----------+-------------------------------------------
     0 | D:1      | Goblin1989 the Troll Arcane Marksman began the quest for
                  | the Orb.
     0 | D:1      | Reached XP level 1. HP: 18/18 MP: 1/1
    81 | D:1      | Reached skill level 1 in Unarmed Combat
   711 | D:1      | Reached XP level 2. HP: 26/26 MP: 2/2
  1008 | D:2      | Reached XP level 3. HP: 28/32 MP: 3/3
  1796 | D:3      | Found a hazy altar of Hepliaklqana.
  2044 | D:3      | Found a blossoming altar of Fedhas.
  2189 | D:3      | Noticed Ijyb
  2195 | D:3      | Killed Ijyb
  2195 | D:3      | Reached XP level 4. HP: 37/40 MP: 4/4
  2522 | D:4      | Noticed Robin
  2618 | D:4      | Noticed an ogre
  2624 | D:4      | Killed an ogre
  2624 | D:4      | Reached skill level 5 in Unarmed Combat
  2624 | D:4      | Reached XP level 5. HP: 34/46 MP: 5/5
  2647 | D:4      | Found a transporter.
  2647 | D:4      | Noticed an ogre
  2647 | D:4      | Noticed Curus's ghost (amateur MiAK)
  2648 | D:4      | Noticed an ogre
  2649 | D:4      | Found a transporter.
  2681 | D:4      | Noticed Menkaure
  2693 | D:4      | Killed Menkaure
  2693 | D:4      | Reached XP level 6. HP: 19/54 MP: 6/6
  3026 | D:4      | Found a snail-covered altar of Cheibriados.
  3110 | D:4      | Became a worshipper of Cheibriados the Contemplative
  3197 | D:4      | Noticed Blork the orc
  3204 | D:4      | Killed Blork the orc
  3204 | D:4      | Reached XP level 7. HP: 59/61 MP: 7/7
  3528 | D:4      | Killed Robin
  3528 | D:4      | Reached skill level 1 in Fighting
  3534 | D:4      | Reached * piety under Cheibriados
  3712 | D:5      | Entered Level 5 of the Dungeon
  4428 | D:5      | Found a deep blue altar of Sif Muna.
  4455 | D:5      | Reached XP level 8. HP: 75/78 MP: 8/8
  4697 | D:6      | Reached skill level 5 in Fighting
  4701 | D:6      | Reached ** piety under Cheibriados
  4821 | D:6      | Found a staircase to the Ecumenical Temple.
  4864 | D:6      | Found a sand-covered staircase.
  4869 | Ossuary  | Entered an ossuary
  5645 | D:7      | Found a hide-covered altar of Uskayaw.
  5717 | D:7      | Reached XP level 9. HP: 93/93 MP: 9/9
  5762 | D:7      | Found a flagged portal.
  5782 | Bailey   | Entered a bailey
  5859 | Bailey   | Reached *** piety under Cheibriados
  6017 | Bailey   | Reached skill level 1 in Invocations
  6546 | D:7      | Reached **** piety under Cheibriados
  7260 | D:8      | Learned a level 3 spell: Regeneration
  7494 | D:8      | Reached XP level 10. HP: 72/104 MP: 12/12
  7511 | D:8      | Reached skill level 1 in Necromancy
  7712 | D:8      | Reached skill level 1 in Charms
  7813 | D:8      | Reached ***** piety under Cheibriados
  8168 | D:8      | Found a staircase to the Lair.
  8260 | D:8      | Found a glowing golden altar of the Shining One.
  8422 | D:9      | Reached skill level 5 in Invocations
  8477 | D:9      | Reached skill level 5 in Dodging
  8819 | D:9      | Noticed Erica
  8832 | D:9      | Killed Erica
  8914 | D:9      | Noticed a two-headed ogre
  8921 | D:9      | Killed a two-headed ogre
  9075 | D:9      | Found a shadowy altar of Dithmenos.
  9135 | D:9      | Found Keyg Voh's Weapon Shop.
  9211 | D:9      | Reached XP level 11. HP: 97/111 MP: 14/14
  9474 | D:9      | Found a stormy altar of Qazlal.
  9566 | D:10     | Entered Level 10 of the Dungeon
  9680 | D:10     | Found Ijue's Weapon Boutique.
  9687 | D:10     | Found a staircase to the Orcish Mines.
  9714 | D:10     | Found Lukli's Armour Boutique.
  9736 | D:10     | Reached ****** piety under Cheibriados
  9793 | D:10     | Reached skill level 1 in Shields
 10633 | D:11     | Noticed a two-headed ogre
 10750 | D:11     | Noticed a five-headed hydra
 10755 | D:11     | Killed a one-headed hydra
 10916 | D:11     | Killed a two-headed ogre
 11675 | D:12     | Slain by an enormous slime creature

Skill      XL: |  1  2  3  4  5  6  7  8  9 10 11 |
---------------+----------------------------------+-----
Unarmed Combat | 1 2 4 5 6 7 8 |  8.0
Fighting       | 3 7 8 |  8.0
Dodging        | 4 5 7 |  7.0
Invocations    | 4 5 |  5.0
Necromancy     | 3 |  3.2
Charms         | 2 3 |  3.0
Spellcasting   | 2 3 |  3.0
Shields        | 3 |  3.7
Throwing       | |  1.7
Hexes          | |  2.0

Action                   |  1- 3 |  4- 6 |  7- 9 | 10-12 || total
-------------------------+-------+-------+-------+-------++-------
Melee: Unarmed           |   125 |   110 |   375 |   347 ||   957
       Punch             |       |     2 |    12 |    15 ||    29
       Scimitar          |       |       |       |     4 ||     4
Throw: Throwing net      |       |       |     1 |       ||     1
 Cast: Regeneration      |       |       |       |     1 ||     1
Invok: Slouch            |       |       |       |     2 ||     2
       Temporal Distorti |       |       |       |     1 ||     1
Evoke: Wand              |       |       |    12 |    13 ||    25
  Use: Scroll            |       |     3 |    12 |     8 ||    23
       Potion            |       |       |     3 |       ||     3
 Stab: Sleeping          |     1 |     1 |     5 |     7 ||    14
       Invisible         |       |       |     1 |       ||     1
  Eat: Chunk             |    25 |    10 |    26 |    30 ||    91
Armor: Robe              |    56 |    54 |   114 |    58 ||   282
Dodge: Dodged            |    95 |    82 |   338 |   225 ||   740
Block: Shield            |       |       |       |    82 ||    82
       Rpst.: Scimitar   |       |       |       |     1 ||     1

Vault maps used:
D:1:      dpeg_chamrin_arrival_tetris, minmay_quantized
D:3:      minmay_roachtagon, old_standard_altar, nicolae_overflow_crystal_walls,
          uniq_ijyb
D:4:      gammafunk_ghost_smash, minivault_19, chei_slow_surprise, uniq_robin,
          uniq_menkaure, uniq_blork_the_orc
D:5:      lemuel_blue_sif_altar, first_ration, dk_rats_in_the_wall
D:6:      minmay_temple_entry_large_hall, nicolae_ossuary_entry_giza,
          kennysheep_generic_room_14
D:7:      kennysheep_little_box, enter_bailey_2
D:8:      nicolae_overflow_hidden_temple, erik_lair_dragon, grunt_livestock
D:9:      nicolae_dithmenos_through_a_glass_darkly, old_standard_altar,
          serial_shops, nicolae_shop_statue_plus, uniq_erica
D:10:     orc_david_3, kennysheep_boxes
D:11:     minmay_misc_feat_tower
D:12:     hangedman_decor_points
Ossuary:  ossuary_tomb_3
Bailey:   bailey_axe_4, bailey
